 Dungeon Crawl Stone Soup version 0.26.1-11-gd32895ea62 (webtiles) character file.

Game seed: 1048886448086680474

287 bigdumb the Shield-Bearer (level 6, -8/48 HPs)
             Began as a Formicid Fighter on June 18, 2021.
             Mangled by an ogre
             ... wielding a +0 giant club
              (13 damage)
             ... on level 4 of the Dungeon.
             The game lasted 00:04:12 (2349 turns).

bigdumb the Shield-Bearer (Formicid Fighter)        Turns: 2349, Time: 00:04:13

Health: -8/48      AC:  7    Str: 23    XL:     6   Next: 56%
Magic:  6/6        EV:  9    Int:  7    God:
Gold:   125        SH: 10    Dex: 10    Spells: 5/5 levels left

rFire    . . .     SeeInvis +   a - +0 trident
rCold    . . .     Faith    .   c - +0 kite shield
rNeg     . . .     Spirit   .   b - +0 scale mail
rPois    .         Reflect  .   (helmet unavailable)
rElec    .         Harm     .   (no cloak)
rCorr    .         Rampage  .   (no gloves)
Will     .....                  (no boots)
Stlth    ..........             (no amulet)
HPRegen  0.16/turn              (no ring)
MPRegen  0.10/turn              (no ring)

@: lethally poisoned (-8 -> -9), flying
A: permanent stasis, dig shafts and tunnels, four strong arms, antennae 3
a: Dig, Shaft Self


You were on level 4 of the Dungeon.
You visited 1 branch of the dungeon, and saw 4 of its levels.

You collected 125 gold pieces.

Inventory:

Hand Weapons
 a - a +0 trident (weapon)
Armour
 b - a +0 scale mail (worn)
 c - a +0 kite shield (worn)
Wands
 d - a wand of digging (4)
Scrolls
 e - 2 scrolls of identify {unknown}
 g - 3 scrolls of remove curse {unknown}
 h - a scroll of amnesia {unknown}
 i - a scroll of random uselessness {unknown}
 j - a scroll of immolation {unknown}
Potions
 f - a potion of flight
 k - 2 potions of curing {unknown}
 l - 2 potions of lignification {unknown}


   Skills:
 + Level 4.1 Fighting
 + Level 4.0 Polearms
 + Level 4.3 Armour
 + Level 1.3 Dodging
 + Level 0.4 Stealth
 + Level 5.0 Shields


You had 5 spell levels left.
You didn't know any spells.
Your spell library was empty.

Dungeon Overview and Level Annotations

Branches:
Dungeon (4/15)
 Temple: D:4-7

Altars:
Makhleb
Ru


Innate Abilities, Weirdness & Mutations

You cannot be hasted, slowed, berserked, paralysed or teleported.
You can dig through walls and to a lower floor.
Your four strong arms can wield two-handed weapons with a shield.
You have a pair of large antennae on your head. (SInv)


Message History

You are too injured to fight recklessly!
You are too injured to fight recklessly!
You are too injured to fight recklessly!
You are too injured to fight recklessly!
You barely miss the ogre.
You feel sick. The ogre hits you with a +0 giant club.
* * * LOW HITPOINT WARNING * * *
It was a potion of flight.
You feel very buoyant.
You fly up into the air.
Found 8 gold pieces.
There is an open door here.
You feel sick.
You feel sick.
Found a stone staircase leading down.
You feel sick.
An ogre is nearby!
Are you sure you want to shaft yourself?
You feel sick. The ogre hits you with a +0 giant club!
You die...

########
.......############
.......#..........#
.......'......$...#
.......#..........#
.......######....>#
............#..O@.#
#######.....#.....#
#.....#.....+
#.....#.....# ..
#.....#.....#....
#.....#######.^...
#.................#
#..................
######.............


You could see an ogre.

Vanquished Creatures
  An ogre (D:4)
  A scorpion (D:4)
  An orc wizard (D:4)
  A hound (D:2)
  An iguana (D:4)
  An adder (D:2)
  An ooze (D:2)
  A dart slug (D:1)
  An orc (D:4)
  3 giant cockroaches
  4 goblins
  9 hobgoblins
  5 jackals
  4 kobolds
  A ball python (D:2)
  5 bats
  7 frilled lizards
  3 rats
50 creatures vanquished.

Notes
Turn   | Place    | Note
-------+----------+-------------------------------------------
     0 | D:1      | bigdumb the Formicid Fighter began the quest for the Orb.
     0 | D:1      | Reached XP level 1. HP: 18/18 MP: 1/1
   145 | D:1      | Reached XP level 2. HP: 18/24 MP: 2/2
   541 | D:1      | Reached skill level 4 in Shields
   666 | D:1      | Reached XP level 3. HP: 29/29 MP: 3/3
  1133 | D:2      | Found a burning altar of Makhleb.
  1147 | D:2      | Reached XP level 4. HP: 28/37 MP: 4/4
  1850 | D:4      | Noticed an ogre
  1858 | D:4      | Killed an ogre
  1859 | D:4      | Reached skill level 1 in Dodging
  1859 | D:4      | Reached XP level 5. HP: 17/42 MP: 5/5
  2053 | D:4      | Reached XP level 6. HP: 28/48 MP: 6/6
  2179 | D:4      | Found a sacrificial altar of Ru.
  2327 | D:4      | Noticed an ogre
  2335 | D:4      | Reached skill level 5 in Shields
  2349 | D:4      | Mangled by an ogre

Illustrated notes

Levels and vault maps discovered:
D:1:      lightli_arrival_statue_moat, layout_loops_ring
D:2:      layout_basic, nrook_mini_vaults, makhleb_blood_cavern_becter
D:3:      layout_basic, kiku_gazebo_garden_becter, minmay_rat_hole
D:4:      layout_gridville, lemuel_zombie_altar_yredelemnul,
          nicolae_ru_great_annihilating_truth, lemuel_round_altar,
          item_on_display_a, uniq_robin, uniq_natasha

Skill      XL: |  1  2  3  4  5  6 |
---------------+-------------------+-----
Shields        | 4 5 |  5.0
Polearms       | 3 4 |  4.0
Armour         | 4 |  4.3
Dodging        | 1 |  1.3
Fighting       | 4 |  4.1
Stealth        | |  0.4

Action                   |  1- 3 |  4- 6 || total
-------------------------+-------+-------++-------
Melee: Trident           |   104 |   107 ||   211
 Abil: Dig               |     1 |     3 ||     4
       Shaft Self        |       |     1 ||     1
  Use: Potion            |       |     2 ||     2
 Stab: Paralysed         |       |     1 ||     1
Armor: Scale mail        |    39 |    37 ||    76
Dodge: Dodged            |    21 |    36 ||    57
Block: Kite shield       |    40 |    50 ||    90
